 Dungeon Crawl Stone Soup version 0.31-a0-4-gefa6de2278 (webtiles) character file.

Game seed: 7529353642392393511

1976 funkygono the Cleaver (level 9, 0/78 HPs)
             Began as a Minotaur Fighter on May 4, 2023.
             Slain by a vampire mosquito (1 damage)
             ... on level 5 of the Dungeon.
             The game lasted 00:08:01 (4676 turns).

funkygono the Cleaver (Minotaur Fighter)            Turns: 4676, Time: 00:08:01

Health: 0/78       AC: 16    Str: 26    XL:     9   Next: 0%
Magic:  8/8        EV:  9    Int:  5    God:
Gold:   393        SH: 10    Dex:  9    Spells: 8/8 levels left

rFire   . . .        a - +3 war axe
rCold   . . .        c - +0 buckler
rNeg    + . .        i - +0 chain mail
rPois   .            (helmet restricted)
rElec   .            (no cloak)
rCorr   .            h - +0 pair of gloves
SInv    .            (no boots)
Will    .....        B - amulet of reflection Stlth
                     k - ring of positive energy
HPRegen 0.33/turn    n - +4 ring of protection
MPRegen 0.11/turn

%: reflection
@: no status effects
A: horns 2, retaliatory headbutt
a: no special abilities


You were on level 5 of the Dungeon.
You visited 1 branch of the dungeon, and saw 6 of its levels.

You collected 393 gold pieces.

Inventory:

Hand Weapons
 a - a +3 war axe (weapon)
Missiles
 y - 3 boomerangs (quivered)
Armour
 c - a +0 buckler (worn)
 h - a +0 pair of gloves (worn)
 i - a +0 chain mail (worn)
Jewellery
 e - a ring of ice
 k - a ring of positive energy (left hand)
 n - a +4 ring of protection (right hand)
 r - a ring of protection from cold
 B - an amulet of reflection (around neck)
 D - an amulet of faith
Wands
 f - a wand of roots (2)
 g - a wand of acid (6)
 z - a wand of digging (1)
Scrolls
 l - 4 scrolls of blinking
 t - a scroll of immolation
 x - a scroll of identify
 A - a scroll of summoning
 E - 2 scrolls of poison {unknown}
Potions
 b - a potion of mutation
 d - 4 potions of might
 j - 4 potions of curing
 m - 2 potions of attraction
 o - a potion of haste
 p - 2 potions of flight
 q - a potion of magic
 s - 2 potions of invisibility
 u - 2 potions of heal wounds
 v - 2 potions of ambrosia
 w - a potion of resistance
 C - a potion of brilliance


   Skills:
 + Level 6.7 Fighting
 + Level 9.8 Axes
 + Level 7.8 Armour
 + Level 1.2 Dodging
 + Level 0.2 Stealth
 + Level 6.0 Shields


You had 8 spell levels left.
You didn't know any spells.
Your spell library contained the following spells:

 Spells                   Type           Power      Damage    Failure   Level
 Magic Dart               Conj           0%         1d3       95%         1
 Searing Ray              Conj           0%         2d4       99%         2
 Static Discharge         Conj/Air       0%         2-2/arc   99%         2
 Inner Flame              Hex/Fire       0%         N/A       100%        3
 Portal Projectile        Hex/Tloc       0%         N/A       100%        3
 Tukima's Dance           Hex            0%         N/A       100%        3
 Airstrike                Air            0%         2d(0-16)  100%        4
 Fulminant Prism          Conj/Hex       0%         3d5       100%        4
 Summon Lightning Spire   Summ/Air       0%         N/A       100%        4
 Blade Hands              Tmut           0%         N/A       100%        5
 Yara's Violent Unravell  Hex/Tmut       0%         3d3       100%        5
 Enfeeble                 Hex            0%         N/A       100%        7


Dungeon Overview and Level Annotations

Branches:
Dungeon (6/15)
 Temple: D:4-7

Altars:
Sif Muna
Uskayaw
The Shining One


Innate Abilities, Weirdness & Mutations

You have a pair of horns on your head.
You reflexively headbutt those who attack you in melee.


Message History

The vampire mosquito bites you.
* * * LOW HITPOINT WARNING * * *
The vampire mosquito draws strength from your injuries!
Your Shields skill increases to level 6!
You have reached level 9!
Your experience leads to an increase in your attributes!
Increase (S)trength, (I)ntelligence, or (D)exterity?
You feel stronger. x2
Blink to where?
Press: ? - help, Dir - move target
Found 3 stones.
Found a stone staircase leading up.
As you read the scroll of blinking, it crumbles to dust.
Found 5 gold pieces.
You block the vampire mosquito's attack.
There is a stone staircase leading up here.
You block the vampire mosquito's attack.
The vampire mosquito bites you but does no damage.
You climb upwards.
There is a stone staircase leading down here.
You hit the vampire mosquito. You headbutt the vampire mosquito.
The vampire mosquito is severely damaged.
You block the vampire mosquito's attack.
The vampire mosquito bites you.
* * * LOW HITPOINT WARNING * * *
The vampire mosquito draws strength from your injuries!
You closely miss the vampire mosquito. You headbutt the vampire mosquito.
The vampire mosquito is severely damaged.
You block the vampire mosquito's attack.
The vampire mosquito bites you but does no damage.
You closely miss the vampire mosquito.
Your headbutt misses the vampire mosquito.
The vampire mosquito is severely damaged.
The vampire mosquito bites you.
* * * LOW HITPOINT WARNING * * *
You block the vampire mosquito's attack.
You hit the vampire mosquito.
Your headbutt misses the vampire mosquito.
The vampire mosquito is almost destroyed.
The vampire mosquito bites you.
You die...

###### #......### #....#
#........# ### #....##
#......#.# #.#
#.....###).....#.# #.#
####..)........#.# #.#
####)).#...##.# #.#
#.#........## #.#
#...........# #.#
###...#..@y.# #.#
#.#.#^....###.# ###
##...#.......#.# #..
#....#.....#...# #.#
###.#........##..# ##.#
##...#.##[........##
#..#
##..###.##..........##
#.##
##..###..##...........#
#.# #..##
#.#####)#....##.#####.##


You could see a vampire mosquito.

Vanquished Creatures
  Sigmund (D:3)
  3 vampire mosquitoes (D:6)
  A black bear (D:6)
  An ice beast (D:6)
  2 ogres (D:5)
  A phantom (D:5)
  Blork the orc (D:4)
  3 scorpions
  A howler monkey (D:4)
  2 hounds
  4 jellies
  An orc priest (D:5)
  4 iguanas
  Natasha (thrice) (D:3)
  Ijyb (D:3)
  2 orc wizards
  7 adders
  7 gnolls (D:5)
  2 shadow imps
  A white imp (D:4)
  4 ufetubi
  3 worms
  A dart slug (D:2)
  10 orcs
  10 endoplasms
  6 giant cockroaches
  7 goblins
  6 hobgoblins
  6 jackals
  14 kobolds
  4 quokkas
  5 ball pythons
  3 bats
  4 frilled lizards
  5 rats
136 creatures vanquished.

Vanquished Creatures (others)
  6 fungi (D:2)
  8 toadstools (D:2)
14 creatures vanquished.

Grand Total: 150 creatures vanquished

Notes
Turn   | Place    | Note
-------+----------+-------------------------------------------
     0 | D:1      | funkygono the Minotaur Fighter began the quest for the Orb.
     0 | D:1      | Reached XP level 1. HP: 19/19 MP: 0/0
   159 | D:1      | Reached XP level 2. HP: 27/27 MP: 1/1
   912 | D:2      | Reached skill level 3 in Axes
   912 | D:2      | Reached XP level 3. HP: 29/33 MP: 2/2
  1351 | D:2      | Reached XP level 4. HP: 33/41 MP: 3/3
  1407 | D:2      | Reached skill level 4 in Axes
  1412 | D:2      | Reached skill level 5 in Fighting
  1413 | D:2      | Reached XP level 5. HP: 28/48 MP: 4/4
  1599 | D:3      | Noticed Ijyb
  1611 | D:3      | Killed Ijyb
  1659 | D:3      | Noticed Sigmund
  1666 | D:3      | Killed Sigmund
  1667 | D:3      | Reached skill level 5 in Axes
  1667 | D:3      | Reached XP level 6. HP: 52/56 MP: 5/5
  1798 | D:3      | Reached skill level 6 in Axes
  1973 | D:3      | Noticed Natasha
  1977 | D:3      | Killed Natasha
  2040 | D:3      | Noticed Natasha
  2045 | D:3      | Killed Natasha
  2161 | D:3      | Found a shimmering blue altar of Sif Muna.
  2509 | D:3      | Noticed Natasha
  2511 | D:3      | Killed Natasha
  2577 | D:4      | Reached skill level 5 in Armour
  2577 | D:4      | Reached XP level 7. HP: 52/61 MP: 6/6
  2662 | D:4      | Reached skill level 7 in Axes
  2890 | D:4      | Noticed Blork the orc
  2908 | D:4      | Killed Blork the orc
  3412 | D:5      | Entered Level 5 of the Dungeon
  3627 | D:5      | Reached skill level 8 in Axes
  3650 | D:5      | Reached skill level 5 in Shields
  3650 | D:5      | Reached XP level 8. HP: 28/70 MP: 7/7
  3863 | D:5      | Found a hide-covered altar of Uskayaw.
  3863 | D:5      | Found a glowing golden altar of the Shining One.
  4396 | D:6      | Reached skill level 9 in Axes
  4596 | D:6      | Reached skill level 1 in Dodging
  4666 | D:6      | Reached XP level 9. HP: 6/78 MP: 8/8
  4675 | D:5      | HP: 1/78 [vampire mosquito (5)]
  4676 | D:5      | Slain by a vampire mosquito

Illustrated notes

Levels and vault maps discovered:
D:1:      elethiomel_arrival_quiet, layout_basic, chequers_serial_rivers_marsh,
          amcnicky_mini_corridor_feature
D:2:      cheibrodos_fertilizer, layout_rooms, chequers_mini_garden,
          minmay_tromino_v4_a
D:3:      layout_loops_ring, led_sif_pool, uniq_natasha, uniq_ijyb, uniq_sigmund
D:4:      layout_basic, minmay_joined_circles, uniq_blork_the_orc
D:5:      layout_rooms, mainiacjoe_overflow_divided_tiny, dk_noncrumbling_3
D:6:      layout_cave_pools

Skill      XL: |  1  2  3  4  5  6  7  8 |
---------------+-------------------------+-----
Fighting       | 4 5 6 |  6.7
Armour         | 4 5 6 7 |  7.8
Shields        | 4 5 6 |  6.0
Axes           | 3 4 5 6 8 9 |  9.8
Dodging        | 1 |  1.2
Stealth        | |  0.2

Action                     |  1- 3 |  4- 6 |  7- 9 || total
---------------------------+-------+-------+-------++-------
  Melee: War axe           |    62 |    77 |   192 ||   331
         Headbutt          |     8 |     7 |    36 ||    51
    Use: Scroll            |       |    10 |    14 ||    24
         Potion            |       |       |     1 ||     1
 Armour: Scale mail        |     8 |       |       ||     8
         Chain mail        |    38 |    27 |   112 ||   177
  Dodge: Dodged            |    28 |    26 |    74 ||   128
  Block: Buckler           |    21 |     8 |   110 ||   139

Table legend: (Time is in decaauts)
 A = Elapsed time spent in this place.
 B = Non-inter-level travel time spent in this place.
 C = Inter-level travel time spent in this place.
 D = Time resting spent in this place.
 E = Time spent auto-exploring this place.
 F = Levels seen in this place.
 G = Mean time per level.
                   A        B        C        D        E       F      G
               +--------+--------+--------+--------+--------+-----+--------+
         Total |   4747 |   4587 |    160 |    109 |   3243 |   6 |  791.2 |
       Dungeon |   4747 |   4587 |    160 |    109 |   3243 |   6 |  791.2 |
               +--------+--------+--------+--------+--------+-----+--------+

Top non-repeatable levels by time:
     D:3: 983 daAuts
     D:5: 980 daAuts
     D:1: 915 daAuts
     D:4: 896 daAuts
     D:2: 674 daAuts
     D:6: 296 daAuts
